Map: Newkirk Precinct TE (Void)

Players

Zelos - Winner!

  • Race: Terran Terran
  • League: Grandmaster
  • Spawn Location: 5:00

Railgan

  • Race: Zerg Zerg
  • League: Grandmaster
  • Spawn Location: 7:00

VOD

Have the link to the VOD?

Description

Time

  • Played on: March 12, 2017, 5:38 p.m.
  • Length: 6:41
Show
View Real Time Build Order
Export as new Build Order

Zelos Terran - Winner!

Build Orders: Reaper Expand 

Get SALT Encoding   

  12  0:01  SCV  
  13  0:13  SCV  
  14  0:18  Supply Depot  
  14  0:25  SCV  
  15  0:40  Barracks, SCV  
  16  0:46  Refinery  
  16  0:54  SCV  
  17  1:06  SCV  
  18  1:23  SCV  
  19  1:28  Reaper  
  20  1:35  Orbital Command  
  20  1:42  Command Center  
  20  1:53  Barracks  
  20  2:01  SCV  
  21  2:02  Barracks Reactor  
  21  2:08  Supply Depot  
  21  2:14  SCV  
  22  2:17  Refinery  
  22  2:24  Factory  
  22  2:29  SCV  
  23  2:37  Marine x2  
  23  2:41  Barracks Tech Lab  
  25  2:44  SCV  
  26  2:55  Marine x2  
  26  2:56  Orbital Command  
  28  3:01  Marine  
  28  3:04  Stimpack  
  29  3:14  Marine x2  
  29  3:16  SCV  
  32  3:29  Marine  
  32  3:31  SCV x2  
  35  3:35  Starport  
  35  3:36  Factory Reactor  
  35  3:40  Marine x2  
  36  3:51  Marine  
  36  3:53  Supply Depot, SCV  
  36  3:54  SCV  
  39  4:03  Marine x2  
  39  4:06  SCV x2  
  39  4:07  Supply Depot  
  43  4:10  Marine  
  44  4:19  Hellion x2  
  44  4:22  Medivac  
  44  4:23  Marine  
  51  4:26  Marine  
  51  4:29  Marine  
  51  4:30  SCV  
  54  4:32  SCV  
  54  4:37  Armory  
  55  4:41  Hellion  
  55  4:42  Hellion  
  55  4:44  SCV  
  60  4:45  SCV  
  61  4:53  Supply Depot  
  61  4:56  Marine, Supply Depot  
  62  5:14  Marine x2, SCV x2, Medivac  
  65  5:28  Marine  
  64  5:29  Hellion x2  
  64  5:32  Marine  
  64  5:33  Engineering Bay x2  
  70  5:37  Marine  
  70  5:42  SCV x2  
  73  5:46  Starport Reactor  
  73  5:55  Command Center  
  61  6:23  Marine x3  
  66  6:39  Refinery x2  
Show
View Real Time Build Order
Export as new Build Order

Railgan Zerg 

Build Orders: Pool First 

Get SALT Encoding   

  12  0:01  Drone  
  13  0:13  Overlord  
  13  0:19  Drone  
  14  0:31  Drone x2  
  16  0:37  Drone  
  17  0:45  Drone  
  17  0:49  Spawning Pool  
  17  0:56  Drone  
  18  1:14  Hatchery  
  18  1:15  Extractor  
  18  1:18  Drone  
  17  1:20  Drone  
  18  1:28  Drone  
  19  1:37  Queen  
  21  1:40  Zergling x2  
  22  1:49  Overlord  
  22  2:08  Drone  
  22  2:13  Queen  
  22  2:15  Drone  
  26  2:18  Metabolic Boost  
  26  2:25  Queen  
  26  2:28  Drone x2  
  30  2:33  Drone  
  31  2:37  Drone  
  31  2:43  Overlord  
  32  2:46  Drone  
  32  2:48  Drone  
  32  2:49  Drone x2  
  36  2:58  Evolution Chamber, Drone  
  36  3:04  Drone  
  37  3:13  Drone  
  37  3:14  Drone  
  37  3:16  Overlord  
  37  3:19  Drone x2  
  41  3:20  Overlord  
  41  3:22  Zergling x4  
  42  3:31  Drone x2  
  44  3:36  Zergling x4  
  44  3:38  Zerg Ground Armor Level 1  
  46  3:42  Drone  
  46  3:44  Overlord  
  47  3:51  Extractor  
  47  3:52  Extractor, Drone x2  
  47  3:55  Overlord  
  47  3:57  Drone x2  
  47  3:59  Lair  
  49  4:02  Extractor  
  48  4:11  Drone x3  
  48  4:13  Drone  
  48  4:16  Queen  
  52  4:18  Zergling x4  
  52  4:22  Overlord  
  52  4:24  Drone  
  57  4:27  Drone  
  57  4:32  Zergling x2  
  57  4:33  Zergling x6  
  57  4:34  Zergling x2  
  62  4:43  Drone  
  62  4:44  Overlord  
  63  4:51  Zergling x2  
  64  4:55  Drone  
  64  4:57  Zergling x6  
  64  4:59  Zergling x6  
  71  5:02  Queen  
  73  5:07  Hydralisk Den, Overlord  
  66  5:29  Zergling x2  
  66  5:31  Queen  
  69  5:36  Hydralisk x3  
  75  5:43  Hydralisk x2  
  75  5:46  Drone  
  75  5:47  Evolution Chamber  
  75  5:49  Hydralisk  
  81  5:59  Hydralisk x2  
  77  6:04  Hydralisk x2  
  77  6:10  Hydralisk x2  
  72  6:14  Hydralisk  
Tags
 
Add a new tag
Caveats
  • Supply blocks, unpowered buildings, or Contaminate may cause inaccurate times.
  • Supply counts are checked every 10 seconds.